 Dungeon Crawl Stone Soup version 0.25-a0-460-g4f2eb97ec1 (webtiles) character file.

Game seed: 15749445316320170335, levelgen mode: deterministic

5482 ReteAZ the Fighter (level 10, -17/76 HPs)
             Began as a Gnoll Wanderer on Feb 3, 2020.
             Was a Believer of Cheibriados.
             Demolished by an orc warrior
             ... wielding a +0 scimitar
              (19 damage)
             ... on level 12 of the Dungeon.
             The game lasted 00:11:59 (8889 turns).

ReteAZ the Fighter (Gnoll Wanderer)                 Turns: 8889, Time: 00:11:59

Health: -17/76     AC:  9    Str: 19    XL:     10   Next: 69%
Magic:  0/18       EV: 10    Int: 20    God:    Cheibriados [**....]
Gold:   372        SH:  7    Dex: 25    Spells: 19/19 levels left

rFire    . . .     SeeInvis .   M - +9 dagger of Articulation {drain, Str-3 Dex+5}
rCold    . . .     Gourm    .   l - +0 buckler
rNeg     . . .     Faith    .   G - +0 plate armour
rPois    .         Spirit   +   L - +0 hat {MR+}
rElec    .         Reflect  .   i - scarf {Spirit}
rCorr    .         Harm     .   (no gloves)
MR       +....                  (no boots)
Stlth    ..........             (no amulet)
HPRegen  0.22/turn              (no ring)
MPRegen  0.16/turn              (no ring)

@: corroded, very slow
A: distributed training, fangs 1, blurry vision 1, frail 1, wild magic 1, strong
nose
a: Bend Time, Renounce Religion


You were on level 12 of the Dungeon.
You worshipped Cheibriados.
Cheibriados was pleased with you.
You were not hungry.

You visited 2 branches of the dungeon, and saw 11 of its levels.

You collected 372 gold pieces.

Inventory:

Hand Weapons
 a - a +0 hand crossbow
 b - a +5 short sword of venom
 z - a cursed +0 mace
 M - the +9 dagger of Articulation (weapon) {drain, Str-3 Dex+5}
   (You found it on level 8 of the Dungeon)

   A truly terrible weapon, it drains the life of those it strikes.
   It affects your strength (-3).
   It affects your dexterity (+5).
Missiles
 c - 26 bolts
 n - 5 boomerangs (quivered)
Armour
 e - a +0 robe
 i - a scarf of spirit shield (worn)
 l - a +0 buckler (worn)
 m - a +2 helmet
 v - a +1 animal skin
 A - a +0 chain mail
 B - a +0 cloak
 G - a +0 plate armour (worn)
 L - a +0 hat of magic resistance (worn)
Magical Staves
 K - an uncursed staff of conjuration
Jewellery
 h - an uncursed amulet of magic regeneration
 y - an uncursed ring of protection from fire {unknown}
Wands
 u - a wand of paralysis (15)
 D - a wand of polymorph (9)
 I - a wand of iceblast (9)
 N - a wand of scattershot (2)
 O - a wand of flame (11)
Scrolls
 j - 3 scrolls of amnesia
 k - 2 scrolls of identify
 o - 4 scrolls of remove curse
 p - 3 scrolls of blinking
 q - a scroll of noise
 s - a scroll of teleportation
 F - a scroll of brand weapon {unknown}
 J - a scroll of enchant weapon
Potions
 d - 3 potions of curing
 g - a potion of magic
 r - 2 potions of degeneration {unknown}
 t - 2 potions of heal wounds {unknown}
 w - 3 potions of lignification {unknown}
 x - 4 potions of haste {unknown}
 C - 2 potions of brilliance {unknown}
 E - a potion of agility {unknown}
 H - a potion of resistance {unknown}
 Q - 2 potions of cancellation {unknown}
Comestibles
 f - 13 rations


   Skills:
 + Level 10.1 Fighting
 + Level 5.4 Short Blades
 + Level 5.4 Long Blades
 + Level 5.4 Axes
 + Level 5.4 Maces & Flails
 + Level 5.4 Polearms
 + Level 5.4 Staves
 + Level 5.4 Slings
 + Level 5.4 Bows
 + Level 6.1 Crossbows
 + Level 6.1 Throwing
 + Level 7.2 Armour
 + Level 6.1 Dodging
 + Level 5.4 Stealth
 + Level 5.4 Shields
 + Level 5.4 Unarmed Combat
 + Level 5.4 Spellcasting
 + Level 4.4 Conjurations
 + Level 4.4 Hexes
 + Level 4.4 Charms
 + Level 4.4 Summonings
 + Level 4.4 Necromancy
 + Level 4.4 Translocations
 + Level 4.4 Transmutations
 + Level 4.4 Fire Magic
 + Level 4.4 Ice Magic
 + Level 4.4 Air Magic
 + Level 4.4 Earth Magic
 + Level 4.4 Poison Magic
 + Level 6.0 Invocations
 + Level 6.1 Evocations


You had 19 spell levels left.
You didn't know any spells.
Your spell library was empty.

Dungeon Overview and Level Annotations

Branches:
Dungeon (9/15)             Temple (1/1) D:6
   Lair: D:8-11         Orc: D:9-12

Altars:
Ashenzari
Cheibriados
Dithmenos
Elyvilon
Fedhas
Gozag
Hepliaklqana
Kikubaaqudgha
Makhleb
Nemelex Xobeh
Okawaru
Qazlal
Ru
Sif Muna
Trog
Uskayaw
Vehumet
Wu Jian
Xom
Yredelemnul
Zin
The Shining One


Innate Abilities, Weirdness & Mutations

Your experience applies equally to all skills.
You have very sharp teeth.
Your uncanny sense of smell can sniff out nearby items.
Scrolls take you a little longer to read.
You are frail. (-10% HP)
Your spells are a little harder to cast, but a little more powerful.


Message History

You barely miss the brown ugly thing.
The brown ugly thing is moderately wounded.
The orc warrior hits you with a +0 scimitar!
* * * LOW HITPOINT WARNING * * *
The orc hits you but does no damage.
You block the brown ugly thing's attack.
You hit the brown ugly thing. Your bite misses the brown ugly thing.
The brown ugly thing is heavily wounded.
The orc hits you but does no damage.
You hit the brown ugly thing but do no damage.
Your bite misses the brown ugly thing.
The brown ugly thing is heavily wounded.
You block the orc warrior's attack. You block the orc's attack.
The brown ugly thing barely misses you. The orc barely misses you.
You hit the brown ugly thing but do no damage.
The brown ugly thing is heavily wounded.
The orc closely misses you.
The brown ugly thing closely misses you.
The orc warrior hits you with a +0 scimitar!!
You die...

################
..).............
...?............
...............?
........oo|.....
.....^..@o......
..!......u......
..........>.....
################


You could see a brown ugly thing, an orc warrior and 2 orcs.

Vanquished Creatures
  Gastronok (D:8)
  A two-headed ogre (D:8)
  Sigmund (D:4)
  A wyvern (D:8)
  Grum (D:9)
  2 orc warriors
  Duvessa (D:7)
  2 ice beasts
  A sky beast (D:9)
  2 wolves (D:9)
  4 centaurs
  5 ogres
  4 bullfrogs
  Dowan (D:7)
  2 crimson imps
  A bullfrog zombie (D:7)
  A centaur zombie (D:5)
  Crazy Yiuf (D:3)
  6 hounds
  An orc priest (D:8)
  A bullfrog skeleton (D:4)
  2 centaur skeletons
  3 orc wizards
  An iguana (D:4)
  Natasha (thrice) (D:3)
  5 worker ants
  A worker ant zombie (D:8)
  Robin (D:2)
  14 adders
  A shadow imp (D:7)
  An ooze (D:1)
  3 worms
  A dart slug (D:1)
  5 leopard geckos
  23 orcs
  5 giant cockroaches
  13 hobgoblins
  13 jackals
  7 kobolds
  3 quokkas
  3 ball pythons (D:2)
  10 bats
  7 frilled lizards
  19 goblins
  4 rats
188 creatures vanquished.

Notes
Turn   | Place    | Note
-------+----------+-------------------------------------------
     0 | D:1      | ReteAZ the Gnoll Wanderer began the quest for the Orb.
     0 | D:1      | ReteAZ set off with the following items: a +0 hand
                  | crossbow, a wand of paralysis (15), 22 bolts, a potion of
                  | curing, a +0 robe, a ration
     0 | D:1      | Reached XP level 1. HP: 26/26 MP: 2/2
    68 | D:1      | Reached XP level 2. HP: 33/33 MP: 3/3
   497 | D:1      | Reached XP level 3. HP: 38/38 MP: 4/4
   768 | D:2      | Reached skill level 1 in Invocations
   887 | D:2      | Reached skill level 1 in Short Blades
   887 | D:2      | Reached skill level 1 in Long Blades
   887 | D:2      | Reached skill level 1 in Axes
   887 | D:2      | Reached skill level 1 in Maces & Flails
   887 | D:2      | Reached skill level 1 in Polearms
   887 | D:2      | Reached skill level 1 in Staves
   887 | D:2      | Reached skill level 1 in Slings
   887 | D:2      | Reached skill level 1 in Bows
   887 | D:2      | Reached skill level 1 in Stealth
   887 | D:2      | Reached skill level 1 in Shields
   887 | D:2      | Reached skill level 1 in Unarmed Combat
   887 | D:2      | Reached skill level 1 in Spellcasting
   887 | D:2      | Reached XP level 4. HP: 9/45 MP: 4/6
  1255 | D:2      | Found a glowing silver altar of Zin.
  1355 | D:2      | Reached skill level 1 in Conjurations
  1355 | D:2      | Reached skill level 1 in Hexes
  1355 | D:2      | Reached skill level 1 in Charms
  1355 | D:2      | Reached skill level 1 in Summonings
  1355 | D:2      | Reached skill level 1 in Necromancy
  1355 | D:2      | Reached skill level 1 in Translocations
  1355 | D:2      | Reached skill level 1 in Transmutations
  1355 | D:2      | Reached skill level 1 in Fire Magic
  1355 | D:2      | Reached skill level 1 in Ice Magic
  1355 | D:2      | Reached skill level 1 in Air Magic
  1355 | D:2      | Reached skill level 1 in Earth Magic
  1355 | D:2      | Reached skill level 1 in Poison Magic
  1616 | D:2      | Noticed Robin
  1626 | D:2      | Killed Robin
  1626 | D:2      | Reached XP level 5. HP: 48/51 MP: 7/7
  1932 | D:2      | Found a basalt altar of Yredelemnul.
  2017 | D:3      | Noticed Natasha
  2023 | D:3      | Killed Natasha
  2087 | D:3      | Noticed Natasha
  2095 | D:3      | Killed Natasha
  2166 | D:3      | Noticed Natasha
  2171 | D:3      | Killed Natasha
  2359 | D:3      | Found a sparkling altar of Nemelex Xobeh.
  2360 | D:3      | Found a shadowy altar of Dithmenos.
  2606 | D:3      | Found a runed translucent door.
  2616 | D:3      | Noticed Crazy Yiuf
  2624 | D:3      | Killed Crazy Yiuf
  2624 | D:3      | Reached XP level 6. HP: 37/57 MP: 8/8
  3040 | D:4      | Noticed Sigmund
  3053 | D:4      | Reached skill level 5 in Armour
  3206 | D:4      | Killed Sigmund
  3206 | D:4      | Reached XP level 7. HP: 53/63 MP: 10/10
  4038 | D:4      | Reached skill level 9 in Fighting
  4154 | D:5      | Entered Level 5 of the Dungeon
  4210 | D:5      | Gained mutation: You are robust. (+10% HP) [potion of
                  | mutation]
  4210 | D:5      | Gained mutation: You have a pair of small horns on your
                  | head. [potion of mutation]
  4664 | D:5      | Reached XP level 8. HP: 63/78 MP: 9/12
  4672 | D:5      | Lost mutation: You are robust. (+10% HP) [potion of
                  | mutation]
  4672 | D:5      | Lost mutation: You have a pair of small horns on your head.
                  | [potion of mutation]
  4672 | D:5      | Gained mutation: You have a pair of small antennae on your
                  | head. [potion of mutation]
  4672 | D:5      | Gained mutation: You have a somewhat thin skeletal
                  | structure. (Dex +2, Stealth) [potion of mutation]
  5020 | D:6      | HP: 3/71 [orc warrior/+0 mace (6)]
  5023 | D:6      | HP: 1/71 [orc warrior/boomerang (2)]
  5589 | D:6      | Found a staircase to the Ecumenical Temple.
  5615 | Temple   | Entered the Ecumenical Temple
  5773 | Temple   | Became a worshipper of Cheibriados the Contemplative
  6411 | D:6      | Found a stormy altar of Qazlal.
  6543 | D:7      | Noticed Duvessa
  6544 | D:7      | Noticed Dowan
  6556 | D:7      | Killed Duvessa
  6556 | D:7      | Reached XP level 9. HP: 61/76 MP: 11/14
  6563 | D:7      | Killed Dowan
  6963 | D:7      | Reached * piety under Cheibriados
  7078 | D:8      | Noticed a two-headed ogre
  7089 | D:8      | Killed a two-headed ogre
  7089 | D:8      | Reached skill level 5 in Crossbows
  7089 | D:8      | Reached skill level 5 in Throwing
  7089 | D:8      | Reached skill level 5 in Dodging
  7089 | D:8      | Reached skill level 5 in Evocations
  7384 | D:8      | Noticed Gastronok
  7444 | D:8      | Killed Gastronok
  7444 | D:8      | Reached skill level 5 in Short Blades
  7444 | D:8      | Reached skill level 5 in Long Blades
  7444 | D:8      | Reached skill level 5 in Axes
  7444 | D:8      | Reached skill level 5 in Maces & Flails
  7444 | D:8      | Reached skill level 5 in Polearms
  7444 | D:8      | Reached skill level 5 in Staves
  7444 | D:8      | Reached skill level 5 in Slings
  7444 | D:8      | Reached skill level 5 in Bows
  7444 | D:8      | Reached skill level 5 in Stealth
  7444 | D:8      | Reached skill level 5 in Shields
  7444 | D:8      | Reached skill level 5 in Unarmed Combat
  7444 | D:8      | Reached skill level 5 in Spellcasting
  7444 | D:8      | Reached skill level 5 in Invocations
  7444 | D:8      | Reached XP level 10. HP: 23/85 MP: 5/17
  7739 | D:8      | Reached skill level 10 in Fighting
  7777 | D:8      | Lost mutation: You have a pair of small antennae on your
                  | head. [potion of mutation]
  7777 | D:8      | Lost mutation: You have a somewhat thin skeletal structure.
                  | (Dex +2, Stealth) [potion of mutation]
  7777 | D:8      | Gained mutation: Scrolls take you a little longer to read.
                  | [potion of mutation]
  7777 | D:8      | Gained mutation: You are frail. (-10% HP) [potion of
                  | mutation]
  7777 | D:8      | Gained mutation: Your spells are a little harder to cast,
                  | but a little more powerful. [potion of mutation]
  8215 | D:8      | Got an ichor-stained dagger
  8216 | D:8      | Identified the +9 dagger of Articulation {drain, Str-3
                  | Dex+5} (You found it on level 8 of the Dungeon)
  8234 | D:9      | Reached ** piety under Cheibriados
  8452 | D:9      | Noticed Grum
  8468 | D:9      | Killed Grum
  8507 | D:9      | Found an iron altar of Okawaru.
  8520 | D:9      | Noticed a death yak
  8520 | D:9      | Noticed a death yak
  8522 | D:9      | Noticed a death yak
  8876 | D:9      | You fall into a shaft and drop 3 floors!
  8877 | D:12     | Noticed a brown ugly thing
  8886 | D:12     | HP: 2/76 [orc warrior/+0 scimitar (9)]
  8889 | D:12     | Demolished by an orc warrior

Levels and vault maps discovered:
D:1:      doesnt_arrival_eight_statues, layout_loops_ring
D:2:      layout_basic, nicolae_overflow_crystal_walls, old_standard_altar,
          minmay_tromino_v2, uniq_robin
D:3:      layout_basic, gammafunk_temple_overflow_statue,
          kennysheep_another_room, uniq_natasha, uniq_crazy_yiuf_cottage
D:4:      layout_basic, uniq_sigmund
D:5:      layout_loops_ring, first_ration
D:6:      layout_layer_cave, nicolae_qazlal_eye_of_the_storm,
          minmay_temple_entry_trees
D:7:      layout_basic, hangedman_abyss_or_decor_stagger, uniq_duvessa
D:8:      layout_rooms, uniq_gastronok
D:9:      layout_long_grid, okawaru_gym_becter, dpeg_lair_monsters,
          wad_floor_pattern_1, hangedman_pestilent_swarm, uniq_grum
D:12:     layout_cross, hiddenorc1_lemuel, lemuel_hellish_altar, uniq_rupert
Temple:   nicolae_temple_elliptical

Skill      XL: |  1  2  3  4  5  6  7  8  9 10 |
---------------+-------------------------------+-----
Invocations    | 1 2 3 4 5 6 |  6.0
Short Blades   | 1 2 3 5 |  5.4
Long Blades    | 1 2 3 5 |  5.4
Axes           | 1 2 3 5 |  5.4
Maces & Flails | 1 2 3 5 |  5.4
Polearms       | 1 2 3 5 |  5.4
Staves         | 1 2 3 5 |  5.4
Slings         | 1 2 3 5 |  5.4
Bows           | 1 2 3 5 |  5.4
Stealth        | 1 2 3 5 |  5.4
Shields        | 1 2 3 5 |  5.4
Unarmed Combat | 1 2 3 5 |  5.4
Spellcasting   | 1 2 3 5 |  5.4
Conjurations   | 1 2 3 4 |  4.4
Hexes          | 1 2 3 4 |  4.4
Charms         | 1 2 3 4 |  4.4
Summonings     | 1 2 3 4 |  4.4
Necromancy     | 1 2 3 4 |  4.4
Translocations | 1 2 3 4 |  4.4
Transmutations | 1 2 3 4 |  4.4
Fire Magic     | 1 2 3 4 |  4.4
Ice Magic      | 1 2 3 4 |  4.4
Air Magic      | 1 2 3 4 |  4.4
Earth Magic    | 1 2 3 4 |  4.4
Poison Magic   | 1 2 3 4 |  4.4
Crossbows      | 3 4 5 6 |  6.1
Throwing       | 3 4 5 6 |  6.1
Dodging        | 3 4 5 6 |  6.1
Evocations     | 3 4 5 6 |  6.1
Armour         | 5 6 7 |  7.2
Fighting       | 9 10 | 10.1

Action                   |  1- 3 |  4- 6 |  7- 9 | 10-12 || total
-------------------------+-------+-------+-------+-------++-------
Melee: Unarmed           |    15 |    87 |       |       ||   102
       Bite              |     2 |    23 |    33 |    24 ||    82
       Short sword       |       |    92 |   251 |    59 ||   402
       Headbutt          |       |       |     4 |       ||     4
       Dagger            |       |       |       |    61 ||    61
 Fire: Hand crossbow     |    82 |    45 |     3 |       ||   130
Throw: Boomerang         |       |       |     6 |       ||     6
  Use: Scroll            |       |       |    13 |     1 ||    14
       Potion            |       |       |     2 |     1 ||     3
 Stab: Sleeping          |       |     1 |     2 |       ||     3
  Eat: Chunk             |       |     7 |    14 |     2 ||    23
Armor: Robe              |     9 |    15 |       |       ||    24
       Animal skin       |       |    24 |    16 |       ||    40
       Chain mail        |       |       |    68 |       ||    68
       Plate armour      |       |       |     5 |    63 ||    68
Dodge: Dodged            |    22 |   102 |   128 |    67 ||   319
Block: Buckler           |     1 |    28 |    69 |    60 ||   158

Table legend:
 A = Non-vault XP
 B = Vault XP
 C = Vault XP percentage of total XP
 D = Non-vault monster count
 E = Vault monster count
 F = Vault count percentage of total count
                 A         B        C        D         E       F
            +---------+---------+-------+---------+---------+-------
      Total |    4582 |    3250 |  41.5 |     164 |      24 |  12.8
            +---------+---------+-------+---------+---------+-------
        D:1 |      44 |       0 |   0.0 |      25 |       0 |   0.0
        D:2 |     126 |      41 |  24.6 |      32 |      15 |  31.9
        D:3 |     141 |      77 |  35.3 |      18 |       2 |  10.0
        D:4 |     391 |     223 |  36.3 |      22 |       1 |   4.3
        D:5 |     409 |       0 |   0.0 |       8 |       0 |   0.0
        D:6 |     741 |       0 |   0.0 |      15 |       0 |   0.0
        D:7 |     420 |     224 |  34.8 |      11 |       2 |  15.4
        D:8 |    1888 |    2255 |  54.4 |      25 |       1 |   3.8
        D:9 |     422 |     430 |  50.5 |       8 |       3 |  27.3
            +---------+---------+-------+---------+---------+-------
